 Dungeon Crawl Stone Soup version 0.29.1-15-g9cfb28693d (webtiles) character file.

Game seed: 9474089742972151881

11383 MacCMillion the Grappler (level 11, -1/110 HPs)
             Began as a Troll Fighter on Feb 21, 2023.
             Was a Believer of Wu Jian.
             Slain by a 12-headed hydra (9 damage)
             ... on level 1 of the Lair of Beasts.
             The game lasted 00:26:15 (10521 turns).

MacCMillion the Grappler (Troll Fighter)           Turns: 10521, Time: 00:26:15

Health: -1/110     AC:  8    Str: 24    XL:     11   Next: 48%
Magic:  10/10      EV: 10    Int:  8    God:    Wu Jian [**....]
Gold:   1345       SH: 10    Dex:  9    Spells: 10/10 levels left

rFire   . . .      SeeInvis .     - Unarmed
rCold   + . .      Faith    .   b - +0 kite shield
rNeg    . . .      Spirit   .   N - +0 steam dragon scales
rPois   +          Reflect  .   J - +1 hat
rElec   .          Harm     .   (no cloak)
rCorr   +          Rampage  .   (gloves unavailable)
Will    .....                   (boots unavailable)
Stlth   ++........              B - amulet of the acrobat
HPRegen 1.08/turn               L - ring of Zapatust {rPois rC+ rCorr Slay+2 Stlth+}
MPRegen 0.12/turn               (no ring)

@: exhausted, weak-willed, studying Shields
A: large, unfitting armour, claws 3, regeneration 1, shaggy fur 1, tough skin 1,
strong-willed 1, weak 1, wild magic 1, sturdy frame 1
a: Renounce Religion, Wall Jump


You were on level 1 of the Lair of Beasts.
You worshipped Wu Jian.
Wu Jian was pleased with you.
You visited 3 branches of the dungeon, and saw 13 of its levels.
You also visited: Sewer.

You collected 2269 gold pieces.
You spent 924 gold pieces at shops.

Inventory:

Missiles
 l - 11 poisoned darts (quivered)
 D - a curare-tipped dart
 E - 3 atropa-tipped darts
 S - 4 large rocks
Armour
 a - a +0 robe
 b - a +0 kite shield (worn)
 i - the +0 robe "Qufi" {+Blink Dex+4}
   (You found it on level 2 of the Dungeon)

   Dex:       It affects your dexterity (+4).
   +Blink:    It lets you blink.
 w - a +0 troll leather armour {Pargi}
 J - a +1 hat (worn)
 N - +0 steam dragon scales (worn)
Jewellery
 B - an amulet of the acrobat (around neck)
 I - a ring of protection from cold
 L - the ring of Zapatust (left claw) {rPois rC+ rCorr Slay+2 Stlth+}
   (You acquired it on level 9 of the Dungeon)

   [ring of resist corrosion]

   Slay:      It affects your accuracy & damage with ranged weapons and melee
   (+2).
   rC:        It protects you from cold.
   rPois:     It protects you from poison.
   rCorr:     It protects you from acid and corrosion.
   Stlth:     It makes you more stealthy.
Wands
 s - a wand of light (4)
 t - a wand of mindburst (16)
 y - a wand of paralysis (16)
 H - a wand of flame (11)
 K - a wand of roots (4)
 O - a wand of polymorph (5)
Scrolls
 d - 6 scrolls of teleportation
 e - 2 scrolls of blinking
 j - 4 scrolls of vulnerability
 m - a scroll of noise
 n - 3 scrolls of fear
 q - a scroll of immolation
 z - 2 scrolls of enchant armour
 A - 2 scrolls of enchant weapon
 F - a scroll of butterflies
 M - a scroll of magic mapping
 P - 2 scrolls of torment
 R - a scroll of summoning
 T - a scroll of amnesia
 U - a scroll of brand weapon
Potions
 c - 4 potions of might
 f - 6 potions of curing
 g - 3 potions of haste
 h - 4 potions of ambrosia
 k - 3 potions of heal wounds
 o - 6 potions of degeneration
 p - a potion of mutation
 r - 2 potions of attraction
 u - 5 potions of brilliance
 v - a potion of flight
 x - a potion of magic
 C - a potion of cancellation
 G - 2 potions of invisibility


   Skills:
 + Level 7.7 Fighting
 + Level 5.8 Dodging
 + Level 9.6 Shields
 * Level 12.4 Unarmed Combat


You had 10 spell levels left.
You didn't know any spells.
Your spell library contained the following spells:

 Spells                   Type           Power      Damage    Failure   Level
 Foxfire                  Conj/Fire      0%         2x1d4     71%         1
 Slow                     Hex            0%         N/A       71%         1
 Confusing Touch          Hex            0%         N/A       96%         3
 Conjure Flame            Conj/Fire      0%         6-21      96%         3
 Inner Flame              Hex/Fire       0%         N/A       96%         3
 Vampiric Draining        Necr           0%         2d6       96%         3
 Airstrike                Air            0%         2d(0-16)  100%        4
 Flame Wave               Conj/Fire      0%         2d4       100%        4
 Summon Lightning Spire   Summ/Air       0%         N/A       100%        4
 Lightning Bolt           Conj/Air       0%         1d11      100%        5


Dungeon Overview and Level Annotations

Branches:
Dungeon (11/15)            Temple (1/1) D:7            Lair (1/5) D:8
    Orc (0/2) D:10          Sewer (visited)

Altars:
Ashenzari
Cheibriados
Dithmenos
Elyvilon
Fedhas
Hepliaklqana
Kikubaaqudgha
Makhleb
Nemelex Xobeh
Okawaru
Qazlal
Ru
Sif Muna
Trog
Uskayaw
Vehumet
Wu Jian
Yredelemnul
Zin
The Shining One

Shops:
D:9 ?*

Annotations:
D:5 2 runed translucent doors
D:9 exclusion: ugly thing
D:11 Sonja


Innate Abilities, Weirdness & Mutations

You are too large for most types of armour.
You have claws for hands.
Your natural rate of healing is unusually fast.
You are covered in fur. (AC +1)
You have tough skin. (AC +1)
You are strong-willed. (Will+)
You are weak. (Str -2)
Your spells are a little harder to cast, but a little more powerful.
Your movements are slightly less encumbered by armour. (ER -2)


Message History

Magic quickly surges around you.
Aiming: Paralyse
Press: ? - help, Shift-Dir - straight line, f - eight-headed hydra
Aim: an eight-headed hydra (weak-willed, chance to affect: 39%)
The eight-headed hydra resists with some effort.
Your muscles tense, ready for explosive movement...
You can no longer move at supernatural speeds.
You lunge with incredible momentum at the eight-headed hydra.
You claw one of the eight-headed hydra's heads off!
The seven-headed hydra grows two more!
You eviscerate the nine-headed hydra!!!
The nine-headed hydra is heavily wounded.
You spin and attack the nine-headed hydra repeatedly, with incredible momentum.
You tear one of the nine-headed hydra's heads off!
The eight-headed hydra grows two more!
You mangle the ten-headed hydra!!
The ten-headed hydra is severely wounded.
You rip one of the ten-headed hydra's heads off!
The nine-headed hydra grows two more!
You claw the 11-headed hydra!
The 11-headed hydra is severely wounded.
Your supernatural speed expires.
You rip one of the 11-headed hydra's heads off!
The ten-headed hydra grows two more!
You claw the 12-headed hydra!
The 12-headed hydra is severely wounded.
You block the 12-headed hydra's attack.
The 12-headed hydra closely misses you. x2
The 12-headed hydra bites you! x2; You block the 12-headed hydra's attack.
The 12-headed hydra bites you! The 12-headed hydra barely misses you.
The 12-headed hydra closely misses you. The 12-headed hydra bites you! x2
You block the 12-headed hydra's attack.
You barely miss the 12-headed hydra.
The 12-headed hydra is severely wounded.
The 12-headed hydra barely misses you. The 12-headed hydra bites you.
The 12-headed hydra bites you! x2
* * * LOW HITPOINT WARNING * * *
The 12-headed hydra bites you!
* * * LOW HITPOINT WARNING * * *
The 12-headed hydra bites you!
* * * LOW HITPOINT WARNING * * *
The 12-headed hydra barely misses you. The 12-headed hydra bites you.
* * * LOW HITPOINT WARNING * * *
The 12-headed hydra bites you!
You die...

#....####..#####.....#....
###.[.## #...# ###...#....
##....## ##.## ##.##.#..
#####.....## #..# ##....#.
#..........# ##.## ##.....
..#....#.P.# #...# #..!##
.......P.#.# #..### #.....
...........# ##....##
##...# ...........#
##.@D...## #.!##
..........## #...°....#
#.... ..........P#
##..○....# #.#..
#..†.....### #>.......##
###.? ###...)#.#
#.........# ... ##..#..#
##......### .D.. #......#
##.#..## #...# ##....##
####.# #....# ###


You could see a 12-headed hydra (weak-willed).

Vanquished Creatures
  A two-headed ogre (D:9)
  Amaemon (D:9)
  A cyclops (D:11)
  Joseph (D:9)
  An orange demon (D:9)
  A gargoyle (D:11)
  Psyche (D:8)
  Maggie (D:8)
  A komodo dragon (Lair:1)
  3 trolls
  Prince Ribbit (D:9)
  4 yaks (Lair:1)
  A wraith (D:11)
  4 steam dragons
  2 vampire mosquitoes (D:10)
  Grum (D:8)
  2 wargs (D:10)
  7 water moccasins
  5 orc warriors
  An ice beast (D:6)
  Pargi (Sewer)
  4 black bears (D:8)
  3 centaurs
  4 ogres
  7 wolves
  2 kobold brigands (D:6)
  2 bullfrogs
  3 scorpions
  14 wights
  9 killer bees
  A howler monkey (D:4)
  3 hounds
  5 orc priests
  2 gnoll boudas
  2 jellies
  Jessica (D:2)
  5 iguanas
  3 orc wizards
  Robin (D:3)
  8 gnolls
  8 adders
  2 worms
  5 dart slugs
  23 orcs
  13 bats
  5 endoplasms
  8 giant cockroaches
  18 goblins
  7 hobgoblins
  16 jackals
  15 kobolds
  7 quokkas
  8 ball pythons
  7 frilled lizards
  6 rats
  A spectral orc (D:8)
269 creatures vanquished.

Vanquished Creatures (others)
  16 fungi
  17 plants
33 creatures vanquished.

Grand Total: 302 creatures vanquished

Notes
Turn   | Place    | Note
-------+----------+-------------------------------------------
     0 | D:1      | MacCMillion the Troll Fighter began the quest for the Orb.
     0 | D:1      | Reached XP level 1. HP: 22/22 MP: 0/0
   120 | D:1      | Reached XP level 2. HP: 29/29 MP: 1/1
   298 | D:1      | Reached XP level 3. HP: 36/36 MP: 2/2
   414 | D:1      | Reached skill level 3 in Unarmed Combat
   750 | D:2      | Noticed Jessica
   754 | D:2      | Killed Jessica
   855 | D:2      | Reached XP level 4. HP: 43/44 MP: 3/3
   883 | D:2      | Identified the +0 robe "Qufi" {+Blink Dex+4}
  1489 | D:3      | Found a snail-covered altar of Cheibriados.
  1677 | D:3      | Noticed Robin
  1721 | D:3      | Killed Robin
  1907 | D:3      | Found a faded altar of an unknown god.
  2259 | D:3      | Reached XP level 5. HP: 34/53 MP: 4/4
  2377 | D:3      | Reached skill level 4 in Unarmed Combat
  2667 | D:3      | Reached XP level 6. HP: 36/61 MP: 5/5
  2755 | D:4      | Reached skill level 5 in Unarmed Combat
  3258 | D:5      | Entered Level 5 of the Dungeon
  3322 | D:5      | Found a large runed translucent door.
  3323 | D:5      | Found a large runed translucent door.
  3353 | D:5      | Reached XP level 7. HP: 54/68 MP: 6/6
  3411 | D:5      | Found a glowing drain.
  3417 | Sewer    | Entered a sewer
  3461 | Sewer    | Noticed Pargi
  3473 | Sewer    | Killed Pargi
  3474 | Sewer    | Reached skill level 6 in Unarmed Combat
  4370 | D:6      | Reached skill level 5 in Shields
  4370 | D:6      | Reached XP level 8. HP: 72/79 MP: 7/7
  4472 | D:6      | Reached skill level 7 in Unarmed Combat
  4623 | D:6      | Identified the +5 flail "Boliakh" {venom, rPois SInv}
  4783 | D:6      | Reached skill level 5 in Fighting
  4805 | D:6      | Reached skill level 8 in Unarmed Combat
  5168 | D:7      | Found a staircase to the Ecumenical Temple.
  5189 | D:6      | Reached XP level 9. HP: 43/83 MP: 8/8
  5268 | Temple   | Entered the Ecumenical Temple
  5369 | Temple   | Became a worshipper of the Wu Jian Council
  5533 | D:7      | Gained mutation: You have hidden genetic potential. [potion
                  | of mutation]
  5533 | D:7      | Gained mutation: You are weak. (Str -2) [potion of
                  | mutation]
  5533 | D:7      | Gained mutation: Your movements are slightly less
                  | encumbered by armour. (ER -2) [potion of mutation]
  5544 | D:7      | Reached skill level 9 in Unarmed Combat
  6268 | D:8      | Noticed Maggie
  6323 | D:8      | Noticed Grum
  6648 | D:8      | Identified a scroll of acquirement
  6649 | D:8      | Acquired 1059 gold pieces
  6695 | D:8      | Noticed Psyche
  6701 | D:8      | Found a staircase to the Lair.
  6714 | D:8      | Killed Psyche
  6714 | D:8      | Reached * piety under Wu Jian
  6718 | D:8      | Reached skill level 10 in Unarmed Combat
  6726 | D:8      | Reached XP level 10. HP: 48/98 MP: 9/9
  6815 | D:8      | Killed Maggie
  6818 | D:8      | Gained mutation: Your spells are a little harder to cast,
                  | but a little more powerful. [hidden potential]
  7008 | D:8      | Killed Grum
  7026 | D:8      | Acquired 494 gold pieces
  7027 | D:8      | Acquired a manual of Shields
  7093 | D:8      | Found a basalt altar of Yredelemnul.
  7194 | D:8      | Found a hazy altar of Hepliaklqana.
  7214 | D:9      | Noticed Joseph
  7214 | D:9      | Found Bauwec's Assorted Antiques.
  7234 | D:9      | Killed Joseph
  7504 | D:9      | Noticed a two-headed ogre
  7523 | D:9      | HP: 5/100 [two-headed ogre/+0 dire flail (2)]
  7525 | D:9      | Killed a two-headed ogre
  7526 | D:9      | Reached skill level 11 in Unarmed Combat
  7731 | D:9      | Noticed Amaemon
  7735 | D:9      | Noticed an orange demon
  7743 | D:9      | Killed Amaemon
  7747 | D:9      | Killed an orange demon
  7748 | D:9      | Reached skill level 5 in Dodging
  8006 | D:9      | Found Oczir's Magic Scroll Boutique.
  8014 | D:9      | Bought a scroll of acquirement for 624 gold pieces
  8014 | D:9      | Bought a scroll of magic mapping for 90 gold pieces
  8014 | D:9      | Acquired the ring of Zapatust {rPois rC+ rCorr Slay+2
                  | Stlth+}
  8021 | D:9      | Bought a scroll of blinking for 90 gold pieces
  8021 | D:9      | Bought a scroll of identify for 24 gold pieces
  8021 | D:9      | Bought a scroll of identify for 24 gold pieces
  8021 | D:9      | Bought a scroll of identify for 24 gold pieces
  8021 | D:9      | Bought a scroll of identify for 24 gold pieces
  8025 | D:9      | Bought a scroll of identify for 24 gold pieces
  8073 | D:9      | Noticed Prince Ribbit
  8086 | D:9      | Killed Prince Ribbit
  8197 | D:9      | Reached ** piety under Wu Jian
  8370 | D:9      | Noticed a cyan ugly thing
  8575 | D:9      | Reached XP level 11. HP: 109/109 MP: 10/10
  8870 | D:10     | Entered Level 10 of the Dungeon
  9092 | D:10     | Gained mutation: You are strong-willed. (Will+) [hidden
                  | potential]
  9092 | D:10     | Lost mutation: You have hidden genetic potential. [hidden
                  | potential expressed]
  9153 | D:10     | Identified the +8 rapier of Rongipa {spect, rPois rN+
                  | Int+4}
  9216 | D:10     | Found a staircase to the Orcish Mines.
  9572 | D:10     | Noticed a deep elf pyromancer
  9614 | D:11     | Reached skill level 12 in Unarmed Combat
  9731 | D:11     | Noticed Sonja
 10207 | Lair:1   | Entered Level 1 of the Lair of Beasts
 10486 | Lair:1   | Noticed an eight-headed hydra
 10517 | Lair:1   | Reached *** piety under Wu Jian
 10521 | Lair:1   | Slain by a 12-headed hydra

Illustrated notes

Levels and vault maps discovered:
D:1:      dpeg_arrival_water_temple_mockup, layout_rooms, serial_rivers,
          chequers_serial_rivers_small_b, chequers_serial_rivers_marsh,
          chequers_serial_rivers_micro_a, chequers_serial_rivers_micro_e,
          chequers_serial_rivers_micro_d, chequers_serial_rivers_large_b
D:2:      layout_basic, uniq_jessica
D:3:      minmay_razor_zed, layout_loops_ring, kennysheep_slug_shrine,
          hellmonk_ecumenical_altar_heavens_door, uniq_robin
D:4:      layout_loops_ring
D:5:      layout_loops_ring, jmf_multi_god_temple2, gup_sewer_entry_spiral
D:6:      layout_loops_ring, kennysheep_small_circle
D:7:      layout_layer_cave, minmay_temple_entry_butterflies, nrook_campfire
D:8:      layout_cave_pools, yredelemnul_forgotten_temple_becter,
          nzn_hepliaklqana_mist_gate, due_lair_maze_entry_diamond, uniq_psyche,
          uniq_grum, uniq_maggie
D:9:      layout_basic, serial_shops, nicolae_diamond_shop,
          nicolae_stop_n_shop_1, uniq_prince_ribbit1, uniq_amaemon, uniq_joseph
D:10:     layout_cave_pools, erik_orc_3, kennysheep_generic_room_10
D:11:     layout_irregular_city, uniq_sonja
Temple:   minmay_temple_bridge_d
Lair:1:   layout_concentric_octagons, serial_bayou_shore_b, grunt_megastairs_4,
          lemuel_fruit_fields, infiniplex_staircase_pool_2

Skill      XL: |  1  2  3  4  5  6  7  8  9 10 11 |
---------------+----------------------------------+-----
Shields        | 3 4 5 6 8 9 |  9.6
Unarmed Combat | 3 4 5 6 8 10 11 12 | 12.4
Fighting       | 3 4 5 6 7 |  7.7
Dodging        | 3 5 |  5.8

Action                   |  1- 3 |  4- 6 |  7- 9 | 10-12 || total
-------------------------+-------+-------+-------+-------++-------
Melee: Unarmed           |    94 |   215 |   267 |   308 ||   884
Invok: Lunge             |       |       |     8 |    30 ||    38
       Whirlwind         |       |       |       |    26 ||    26
       Serpent's Lash    |       |       |       |     1 ||     1
Evoke: Wand              |       |       |       |     1 ||     1
  Use: Scroll            |       |     7 |     6 |    16 ||    29
       Potion            |       |       |     6 |       ||     6
 Stab: Sleeping          |       |     2 |     1 |     3 ||     6
       Confused          |       |       |       |     1 ||     1
Armor: Robe              |    45 |    56 |     7 |       ||   108
       Troll leather arm |       |       |    71 |    17 ||    88
       Skin              |       |       |    15 |       ||    15
       Steam dragon scal |       |       |       |    30 ||    30
Dodge: Dodged            |    31 |    93 |   114 |   115 ||   353
Block: Kite shield       |    33 |   106 |    98 |   108 ||   345
